Map: Dusk Towers

Players

Nerchio

  • Race: Zerg Zerg

Scarlett - Winner!

  • Race: Zerg Zerg

Event: DreamHack Open Tours WCS Spring Championship

VOD

Have the link to the VOD?

Description

Time

  • Played on: May 15, 2016, 7:49 a.m.
  • Length: 12:52

All games in this series

Show
View Real Time Build Order
Export as new Build Order

Nerchio Zerg 

Build Orders: Hatch First 

Get SALT Encoding   

  12  0:01  Drone  
  13  0:12  Overlord  
  13  0:17  Drone  
  14  0:30  Drone x2  
  14  0:34  Drone  
  17  0:51  Hatchery  
  17  0:54  Drone  
  17  1:07  Spawning Pool  
  17  1:11  Drone  
  17  1:14  Extractor  
  17  1:15  Drone  
  17  1:19  Drone  
  18  1:28  Drone  
  19  1:38  Overlord  
  19  1:54  Queen, Zergling x2  
  22  2:03  Queen  
  22  2:04  Baneling Nest, Drone  
  22  2:06  Drone  
  25  2:11  Drone  
  26  2:20  Drone  
  26  2:21  Drone  
  28  2:36  Hatchery  
  27  2:38  Drone  
  27  2:41  Drone  
  29  2:46  Metabolic Boost  
  29  2:50  Drone  
  30  2:54  Overlord  
  30  2:58  Drone  
  31  2:59  Drone  
  31  3:04  Overlord  
  32  3:07  Drone  
  32  3:09  Drone  
  34  3:13  Drone  
  34  3:14  Drone  
  34  3:16  Drone  
  37  3:24  Lair  
  37  3:25  Drone  
  39  3:27  Drone  
  39  3:29  Drone  
  39  3:32  Drone  
  41  3:34  Drone  
  41  3:35  Drone  
  41  3:37  Drone  
  41  3:39  Drone  
  45  3:42  Extractor  
  45  3:43  Zergling x2  
  45  3:44  Extractor  
  45  3:45  Zergling x2  
  45  3:46  Zergling x2  
  46  3:49  Drone  
  46  3:50  Extractor  
  46  3:52  Drone x2  
  48  3:56  Overlord  
  48  4:00  Drone x2  
  50  4:06  Drone x3  
  50  4:07  Drone  
  54  4:10  Drone  
  54  4:12  Overlord  
  55  4:18  Drone x3  
  55  4:20  Overlord  
  58  4:28  Spire  
  58  4:29  Drone  
  58  4:32  Drone  
  58  4:35  Queen  
  60  4:46  Zergling x4  
  60  4:48  Drone x5  
  60  4:49  Baneling, Extractor x2  
  60  4:50  Drone  
  60  4:52  Drone  
  67  4:53  Drone  
  67  4:55  Drone  
  69  5:01  Overlord  
  69  5:03  Drone x2  
  69  5:05  Overlord  
  69  5:06  Zergling x4  
  73  5:10  Overlord  
  73  5:12  Overlord  
  73  5:16  Drone  
  73  5:18  Drone x3  
  77  5:43  Mutalisk x8  
  77  5:46  Mutalisk x3  
  99  5:52  Zerg Flyer Armor Level 1  
  98  5:59  Mutalisk  
  98  6:02  Baneling  
  98  6:03  Baneling  
  100  6:05  Zergling x2  
  100  6:06  Zergling x8  
  104  6:13  Hatchery  
  104  6:17  Overlord  
  104  6:18  Drone x4  
  105  6:19  Drone  
  105  6:22  Overlord x2  
  105  6:24  Overlord  
  108  6:28  Overlord  
  108  6:30  Evolution Chamber, Mutalisk x2  
  109  6:33  Overlord  
  109  6:36  Extractor  
  109  6:37  Mutalisk x2  
  108  6:40  Mutalisk, Extractor  
  108  6:42  Mutalisk  
  108  6:45  Mutalisk  
  107  6:50  Mutalisk  
  107  6:52  Zergling x2  
  107  6:53  Zergling x6  
  107  6:56  Mutalisk  
  107  7:04  Drone x2  
  107  7:05  Drone  
  107  7:06  Mutalisk  
  112  7:09  Zergling x4  
  112  7:10  Zergling x6  
  112  7:11  Spore Crawler  
  112  7:12  Zerg Melee Weapons Level 1  
  116  7:16  Mutalisk  
  116  7:21  Mutalisk  
  120  7:23  Drone  
  120  7:26  Mutalisk  
  120  7:28  Zergling x2  
  120  7:29  Overlord  
  123  7:36  Mutalisk x2  
  123  7:38  Zergling x12  
  123  7:41  Mutalisk  
  124  7:45  Zergling x8  
  124  7:46  Mutalisk  
  124  7:50  Zergling x2  
  129  7:53  Zerg Flyer Weapons Level 1  
  129  7:55  Mutalisk  
  129  7:57  Zergling x4  
  133  8:05  Mutalisk  
  135  8:06  Zergling x4  
  135  8:09  Mutalisk  
  139  8:14  Zergling x8  
  139  8:19  Overlord  
  143  8:21  Hatchery  
  143  8:25  Mutalisk x4  
  150  8:31  Drone  
  150  8:32  Drone  
  150  8:38  Baneling, Infestation Pit  
  150  8:39  Evolution Chamber, Baneling x7  
  150  8:40  Baneling  
  148  8:44  Drone x2  
  148  8:45  Drone  
  151  9:00  Extractor  
  148  9:04  Extractor  
  148  9:06  Mutalisk x6  
  155  9:12  Drone x2  
  155  9:17  Hive  
  157  9:19  Infestor  
  157  9:21  Zergling x2  
  157  9:22  Zergling x12  
  166  9:34  Mutalisk x2  
  170  9:38  Mutalisk x2  
  170  9:44  Mutalisk  
  156  9:54  Mutalisk x3  
  156  9:57  Mutalisk  
  145  10:03  Mutalisk  
  145  10:04  Mutalisk  
  144  10:11  Mutalisk  
  144  10:12  Zergling x4  
  144  10:13  Zergling x24  
  160  10:25  Zerg Flyer Weapons Level 2  
  160  10:31  Queen  
  160  10:34  Queen  
  164  10:41  Queen  
  164  10:42  Queen  
  168  10:48  Hatchery  
  167  10:50  Ultralisk Cavern  
  167  10:55  Zerg Ground Armor Level 1  
  166  11:03  Overlord x3  
  166  11:09  Drone  
  167  11:12  Drone  
  167  11:13  Drone x2  
  167  11:14  Spore Crawler  
  167  11:15  Spore Crawler  
  167  11:16  Overseer  
  168  11:31  Zergling x2  
  168  11:32  Zergling x22  
  178  11:33  Baneling x3  
  178  11:35  Baneling x2  
  175  11:53  Ultralisk x2  
  127  12:02  Ultralisk  
  127  12:04  Baneling  
  127  12:05  Baneling x8  
Show
View Real Time Build Order
Export as new Build Order

Scarlett Zerg - Winner!

Build Orders: Hatch First 

Get SALT Encoding   

  12  0:00  Drone  
  13  0:08  Drone  
  14  0:17  Overlord  
  14  0:23  Drone, Extractor  
  15  0:36  Drone x2  
  17  0:54  Hatchery  
  17  0:57  Drone  
  17  1:00  Drone  
  18  1:07  Extractor  
  17  1:16  Spawning Pool  
  16  1:19  Drone  
  16  1:23  Drone  
  18  1:26  Drone  
  19  1:37  Overlord  
  19  1:50  Drone  
  20  2:02  Queen  
  20  2:03  Zergling x2  
  20  2:05  Queen  
  20  2:06  Drone  
  26  2:09  Metabolic Boost  
  26  2:16  Drone  
  26  2:18  Drone  
  28  2:23  Drone  
  28  2:29  Drone  
  30  2:34  Drone  
  31  2:42  Drone x2  
  33  2:47  Hatchery  
  32  2:52  Overlord  
  32  2:59  Drone  
  32  3:03  Baneling Nest  
  32  3:04  Zergling x2  
  33  3:06  Overlord  
  33  3:14  Drone x3  
  33  3:15  Drone  
  37  3:20  Drone x2  
  38  3:29  Drone  
  38  3:30  Drone x2  
  38  3:31  Lair  
  41  3:35  Extractor  
  41  3:38  Zergling x2  
  41  3:41  Queen  
  41  3:44  Drone  
  41  3:45  Drone  
  41  3:47  Drone  
  46  3:48  Drone  
  46  3:51  Drone  
  46  3:52  Drone  
  49  3:55  Extractor  
  49  4:00  Baneling x2  
  49  4:01  Drone x3  
  51  4:03  Drone  
  51  4:04  Extractor  
  51  4:05  Drone  
  51  4:09  Zergling x2  
  54  4:10  Zergling x2  
  54  4:15  Zergling x2  
  55  4:17  Drone x2  
  55  4:19  Overlord  
  57  4:27  Overlord x2  
  57  4:31  Spire, Overseer  
  57  4:33  Drone  
  58  4:38  Drone x3  
  58  4:40  Drone  
  61  4:46  Drone x3  
  61  4:47  Drone x2  
  61  4:48  Baneling  
  61  4:52  Drone x2  
  68  4:56  Extractor  
  68  4:57  Drone x2  
  69  5:00  Drone x2  
  69  5:01  Drone, Extractor  
  69  5:03  Drone x2  
  73  5:07  Overlord  
  73  5:10  Overlord  
  73  5:15  Overlord x2  
  73  5:20  Overlord x2  
  73  5:22  Drone x2  
  75  5:28  Zergling x2  
  75  5:29  Zergling x8  
  75  5:32  Overlord  
  75  5:33  Zergling x2  
  75  5:34  Zergling x2  
  75  5:35  Baneling x2  
  82  5:43  Mutalisk  
  82  5:44  Mutalisk x3  
  82  5:48  Zerg Flyer Weapons Level 1  
  90  5:55  Mutalisk  
  90  5:56  Mutalisk x3  
  98  6:01  Drone x3  
  101  6:06  Mutalisk  
  101  6:07  Mutalisk x2  
  104  6:14  Mutalisk  
  104  6:17  Hatchery  
  105  6:19  Mutalisk  
  105  6:23  Mutalisk  
  109  6:25  Overlord x2  
  109  6:30  Mutalisk  
  100  6:42  Mutalisk x2  
  100  6:45  Zergling x16  
  104  6:51  Mutalisk  
  102  7:00  Drone  
  102  7:01  Drone x3  
  106  7:02  Queen  
  106  7:03  Mutalisk x2  
  112  7:09  Zergling x2  
  112  7:10  Zergling x10  
  112  7:11  Infestation Pit  
  112  7:12  Mutalisk  
  112  7:15  Hatchery  
  118  7:17  Mutalisk  
  118  7:22  Zergling x2  
  121  7:24  Queen x2  
  125  7:30  Mutalisk x2  
  125  7:43  Mutalisk x2  
  123  7:48  Queen  
  123  7:49  Overlord  
  123  7:52  Pathogen Glands  
  123  7:53  Drone x2  
  123  7:54  Drone x3  
  123  7:56  Extractor  
  127  7:59  Queen, Extractor  
  127  8:00  Queen  
  127  8:01  Spore Crawler, Drone  
  127  8:02  Spore Crawler  
  127  8:04  Baneling  
  129  8:06  Zerg Flyer Armor Level 1  
  129  8:07  Drone x5  
  129  8:08  Drone  
  135  8:16  Infestor  
  135  8:19  Spore Crawler  
  136  8:24  Mutalisk x2, Spore Crawler  
  136  8:25  Spore Crawler  
  137  8:37  Drone  
  137  8:38  Spore Crawler, Drone x8  
  137  8:39  Queen  
  137  8:41  Infestor x2  
  149  8:47  Overlord x5  
  151  8:50  Spine Crawler  
  150  8:57  Evolution Chamber  
  150  8:59  Evolution Chamber, Spore Crawler  
  145  9:06  Extractor  
  145  9:08  Spore Crawler  
  145  9:09  Mutalisk x5, Spore Crawler  
  132  9:16  Queen  
  142  9:18  Infestor  
  142  9:22  Infestor  
  146  9:28  Spore Crawler  
  143  9:33  Zergling x10  
  143  9:34  Zergling x18  
  152  9:46  Mutalisk  
  152  9:47  Mutalisk x3  
  152  9:57  Drone x6  
  152  9:58  Extractor  
  149  10:04  Drone x3  
  149  10:06  Zerg Melee Weapons Level 1, Zerg Ground Armor Level 1, Extractor  
  149  10:11  Mutalisk  
  149  10:12  Overlord  
  149  10:13  Drone x2  
  147  10:28  Baneling x2  
  147  10:30  Hive  
  147  10:34  Spore Crawler  
  146  10:35  Queen  
  146  10:36  Mutalisk  
  146  10:40  Spore Crawler  
  146  10:42  Infestor, Overlord, Spore Crawler  
  150  10:53  Zergling x32  
  150  10:54  Zergling x2  
  165  11:13  Spore Crawler  
  165  11:15  Mutalisk x5  
  174  11:25  Mutalisk x2  
  176  11:30  Zergling x10  
  176  11:31  Zergling x10  
  160  12:03  Mutalisk x8  
  160  12:05  Zergling x2  
  160  12:06  Zergling x14  
  160  12:08  Queen x3  
  189  12:25  Mutalisk x4  
  189  12:29  Hatchery  

Tags
 
Add a new tag
Caveats
  • Supply blocks, unpowered buildings, or Contaminate may cause inaccurate times.
  • Supply counts are checked every 10 seconds.